AoeStats
← bkg45

Arena

504544410Analyzed
3v3 RM · 27d ago on Sep 5, 2026· 45m 50s· 6 players
Game mode
Random Map
Map size
Normal (6 player)
Population
200
Speed
Normal
Resources
Standard
Victory
Conquest
Starting age
Dark Age
Ending age
Imperial Age
RankedLock teamsTeams togetherTeam positionsShared explorationLock speedFull tech treeHidden civsTurbo modeCheats
Victory
Defeat
🇮🇳 Bengalis · India
1213
+13
🇮🇳 Portuguese · India
1208
+13
🇮🇳 Burmese · India
1143
+16
🇺🇸 Italians · United States
1270
-19
🇺🇸 Bohemians · United States
1101
-35
🇺🇸 Hindustanis · United States
1078
-12
-- .- -. .. ... ....
11:22 Feudal Age
9:44 Loom
12:17 Double-Bit Axe
13:15 Wheelbarrow
16:42 Castle Age
17:59 Gold Mining
20:19 Horse Collar
21:55 Heavy Plow
22:42 Hand Cart
24:03 Stone Mining
27:06 Forging
27:04 Scale Barding Armor
27:06 Husbandry
27:16 Bloodlines
30:05 Iron Casting
29:33 Scale Mail Armor
30:43 Chain Barding Armor
38:15 Imperial Age
37:16 Bow Saw
41:15 Chemistry
40:31 Heavy Camel Rider
44:39 Imperial Camel Rider
bpaoe
10:35 Feudal Age
14:13 Castle Age
12:37 Double-Bit Axe
13:20 Horse Collar
16:34 Horse Collar
22:16 Wheelbarrow
21:28 Loom
21:30 Town Watch
22:29 Fervor
28:49 Imperial Age
26:39 Fletching
27:01 Elite Skirmisher
28:52 Chemistry
28:18 Bodkin Arrow
28:25 Padded Archer Armor
29:24 Sanctity
29:12 Squires
28:34 Pikeman
29:15 Scale Mail Armor
29:25 Forging
30:42 Bracer
31:11 Conscription
32:43 Leather Archer Armor
32:41 Halberdier
34:26 Siege Engineers
35:02 Ring Archer Armor
35:13 Chain Mail Armor
36:53 Plate Mail Armor
39:53 Wagenburg Tactics
40:33 Bow Saw
40:24 Heavy Plow
40:45 Hand Cart
43:15 Elite Hussite Wagon
bkg45
10:58 Feudal Age
12:06 Double-Bit Axe
15:04 Castle Age
13:03 Horse Collar
16:11 Bow Saw
17:41 Heavy Plow
18:28 Loom
20:28 Fletching
21:37 Bodkin Arrow
32:16 Town Watch
jay_jadon
11:05 Feudal Age
16:01 Castle Age
14:40 Horse Collar
16:30 Wheelbarrow
15:53 Loom
17:37 Heavy Plow
29:51 Imperial Age
26:57 Elite Skirmisher
27:48 Stone Mining
29:27 Hand Cart
29:12 Gold Mining
30:57 Conscription
30:52 Fletching
31:03 Padded Archer Armor
34:24 Ballistics
35:05 Chemistry
42:39 Scale Barding Armor
42:44 Forging
42:31 Bodkin Arrow
43:13 Elite Battle Elephant
k10_g15
11:24 Feudal Age
12:21 Double-Bit Axe
15:23 Castle Age
13:10 Horse Collar
14:49 Bloodlines
19:27 Husbandry
20:45 Forging
25:00 Wheelbarrow
26:08 Hand Cart
26:04 Town Watch
29:06 Bow Saw
30:03 Loom
33:27 Imperial Age
31:20 Padded Archer Armor
32:08 Leather Archer Armor
31:36 Treadmill Crane
32:07 Masonry
32:14 Fletching
32:44 Gold Mining
32:47 Stone Mining
33:14 Bodkin Arrow
35:08 Chemistry
34:39 Ring Archer Armor
35:22 Two-Man Saw
34:59 Fortified Wall
40:44 Scale Barding Armor
41:15 Iron Casting
42:05 Ballistics
41:51 Light Cavalry
43:41 Architecture
43:40 Chain Barding Armor
44:05 Stone Shaft Mining
44:09 Murder Holes
44:29 Caravan
45:00 Coinage
45:16 Plate Barding Armor
abhishekchopra.ubs
10:59 Feudal Age
15:00 Castle Age
14:23 Double-Bit Axe
14:21 Horse Collar
14:33 Gold Mining
27:39 Bow Saw
27:31 Heavy Plow
29:12 Town Watch
30:02 Wheelbarrow
29:16 Loom
30:25 Gold Shaft Mining
32:08 Hand Cart
36:06 Imperial Age
33:50 Fletching
34:01 Padded Archer Armor
34:07 Scale Barding Armor
34:43 Bodkin Arrow
34:43 Elite Skirmisher
36:51 Bracer
37:07 Leather Archer Armor
38:54 Chain Barding Armor
39:09 Conscription
38:58 Paiks
38:50 Elite Elephant Archer
40:49 Mahayana
41:26 Ballistics
42:07 Chemistry
41:13 Siege Engineers
41:04 Murder Holes
43:32 Treadmill Crane
44:04 Fortified Wall
Connection lost

Rejoining the realm…

Still unreachable

The connection could not be restored.

Session expired

The server has moved on; the page needs a fresh start.